 Dungeon Crawl Stone Soup version 0.29-a0-330-g52719c12eb (webtiles) character file.

Game seed: 12385744774269255875

329 Turgor the Ruffian (level 6, -1/32 HPs)
             Began as a Vine Stalker Transmuter on Apr 22, 2022.
             Slain by a water moccasin (6 damage)
             ... on level 4 of the Dungeon.
             The game lasted 00:18:51 (3466 turns).

Turgor the Ruffian (Vine Stalker Transmuter)        Turns: 3466, Time: 00:18:52

Health: -1/32      AC:  2    Str: 21    XL:     6   Next: 50%
Magic:  0/12       EV: 12    Int: 13    God:
Gold:   259        SH:  5    Dex: 20    Spells: 6/12 levels left

rFire   . . .      SeeInvis .     - Unarmed
rCold   . . .      Faith    .   (no shield)
rNeg    . . .      Spirit   +   a - +0 robe
rPois   .          Reflect  +   (helmet currently unavailable)
rElec   .          Harm     .   (no cloak)
rCorr   .          Rampage  .   (no gloves)
Will    .....                   (boots currently unavailable)
Stlth   +++.......              h - amulet of reflection
HPRegen 0.90/turn               m - +6 ring of strength
MPRegen 0.13/turn               v - +6 ring of dexterity

@: lethally poisoned (-1 -> -4), appendages, wereblooded, very slightly
contaminated
A: horns 2, talons 2, fangs 2, regeneration 1, magic shield, antimagic bite, no
potion heal 2
a: End Transformation


You were on level 4 of the Dungeon.
You had temporarily grown beastly horns and talons.
You visited 1 branch of the dungeon, and saw 4 of its levels.

You collected 259 gold pieces.

Inventory:

Hand Weapons
 w - a +4 hunting sling
Missiles
 j - 124 stones (quivered)
 t - 6 poisoned darts
Armour
 a - a +0 robe (worn)
Jewellery
 h - an amulet of reflection (around neck)
 m - a +6 ring of strength (left hand)
 v - a +6 ring of dexterity (right hand)
Scrolls
 d - a scroll of enchant weapon {unknown}
 e - a scroll of torment {unknown}
 i - a scroll of vulnerability {unknown}
 k - 5 scrolls of identify {unknown}
 n - 4 scrolls of teleportation {unknown}
 o - a scroll of immolation {unknown}
 q - 2 scrolls of holy word {unknown}
 s - a scroll of blinking {unknown}
 u - a scroll of magic mapping {unknown}
 x - a scroll of fear {unknown}
Potions
 b - 3 potions of lignification
 c - 4 potions of curing {unknown}
 f - a potion of berserk rage {unknown}
 g - 2 potions of flight {unknown}
 l - 2 potions of heal wounds {unknown}
 p - 3 potions of attraction {unknown}
 r - a potion of mutation {unknown}
 z - a potion of degeneration {unknown}


   Skills:
 + Level 2.5 Fighting
 + Level 0.1 Slings
 - Level 2.0 Dodging
 + Level 2.8 Stealth
 + Level 4.1 Unarmed Combat
 + Level 3.5 Spellcasting
 + Level 3.4 Transmutations


You had 6 spell levels left.
You knew the following spells:

 Your Spells              Type           Power      Damage    Failure   Level
a - Beastly Appendage     Tmut           22%        N/A       5%          1
b - Wereblood             Tmut           11%        N/A       8%          2
c - Gell's Gravitas       Tloc           2%         N/A       54%         3

Your spell library contained the following spells:

 Spells                   Type           Power      Damage    Failure   Level
 Spider Form              Tmut/Pois      6%         N/A       32%         3
 Teleport Other           Tloc           2%         N/A       54%         3
 Ice Form                 Ice/Tmut       6%         N/A       71%         4
 Dispersal                Tloc           1%         N/A       100%        6


Dungeon Overview and Level Annotations

Branches:
Dungeon (4/15)
 Temple: D:4-7

Altars:
Kikubaaqudgha

Shops:
D:4 *

Annotations:
D:3 exclusion: 3 doors


Innate Abilities, Weirdness & Mutations

You have temporarily grown beastly horns and talons.
You have extremely sharp teeth.
Your natural rate of healing is unusually fast.
When hurt, damage is shared between your health and your magic reserves.
Your bite disrupts and absorbs the magic of your enemies.
Potions cannot restore your health.


Message History

You feel sick. The water moccasin bites you!
You barely miss the water moccasin. Your punch misses the water moccasin.
The water moccasin is moderately wounded.
You feel sick. The water moccasin misses you.
The water moccasin closely misses you.
You hit the water moccasin. Your bite misses the water moccasin.
The water moccasin is moderately wounded.
You feel sick.
The water moccasin bites you but does no damage.
You hit the water moccasin but do no damage.
The water moccasin is moderately wounded.
You feel sick. The water moccasin closely misses you.
You closely miss the water moccasin.
You bite the water moccasin, but do no damage.
The water moccasin is moderately wounded.
You feel sick.
You are no longer poisoned.
The water moccasin barely misses you.
Casting: Wereblood (safe; 8% risk of failure)
Confirm with . or Enter, or press ? or * to list all spells.
You miscast Beastly Appendage.
You are very lightly contaminated with residual magic.
Nothing appears to happen.
The water moccasin barely misses you. The water moccasin closely misses you.
You hit the water moccasin.
The water moccasin is heavily wounded.
The water moccasin bites you.
Casting: Beastly Appendage (safe; 5% risk of failure)
Confirm with . or Enter, or press ? or * to list all spells.
You grow a pair of large bovine horns.
Your feet morph into talons.
The water moccasin bites you!
You are poisoned.
The water moccasin poisons you!
You hit the water moccasin. Your kick misses the water moccasin.
The water moccasin is severely wounded.
You howl as the wereblood boils in your veins!
You feel sick. The water moccasin bites you.
* * * LOW HITPOINT WARNING * * *
The water moccasin bites you!
You die...

...# #.##.# ...#
#####.##.# ...#
#........# ##.#
######.###.#### #.#
#......# #.# .#
#.###### #.#
##.####.########.#
.#...........<##.#
.#####........##@#
.).###........##S#
.#.#..........##S†.∩.+
.#.......++#+#####...#
.###.....# ####
...#.....# ##.#.##.##
##.#.# .# ##.#.# ..


You could see a water moccasin and an adder.

Vanquished Creatures
  A centaur (D:4)
  A necrophage (D:4)
  A jelly (D:4)
  An orc wizard (D:3)
  4 adders
  6 worms
  A dart slug (D:1)
  2 orcs (D:3)
  6 ball pythons
  2 bat skeletons (D:3)
  A bat zombie (D:3)
  7 endoplasms
  4 giant cockroaches (D:1)
  7 hobgoblins
  4 jackals
  2 quokkas
  6 bats
  7 frilled lizards
  5 goblins
  4 kobolds
  7 rats
79 creatures vanquished.

Notes
Turn   | Place    | Note
-------+----------+-------------------------------------------
     0 | D:1      | Turgor the Vine Stalker Transmuter began the quest for the
                  | Orb.
     0 | D:1      | Reached XP level 1. HP: 9/9 MP: 4/4
   132 | D:1      | Reached skill level 1 in Fighting
   233 | D:1      | Reached XP level 2. HP: 14/14 MP: 6/6
  1125 | D:2      | Reached XP level 3. HP: 18/18 MP: 5/7
  1981 | D:2      | Gained mutation: Your natural rate of healing is unusually
                  | fast. [Vine Stalker growth]
  1981 | D:2      | Reached XP level 4. HP: 21/22 MP: 7/9
  2342 | D:3      | Reached skill level 1 in Stealth
  2484 | D:3      | Learned a level 2 spell: Wereblood
  2790 | D:3      | Reached XP level 5. HP: 23/26 MP: 8/10
  2820 | D:3      | Learned a level 3 spell: Gell's Gravitas
  2889 | D:3      | Found an ancient bone altar of Kikubaaqudgha.
  3082 | D:4      | Noticed a centaur
  3091 | D:4      | Killed a centaur
  3092 | D:4      | Reached skill level 4 in Unarmed Combat
  3092 | D:4      | Reached XP level 6. HP: 9/31 MP: 1/12
  3099 | D:4      | HP: 2/43 [necrophage (2)]
  3447 | D:4      | Found Xuatrua's Serpentskin Sales.
  3449 | D:4      | Noticed a water moccasin
  3466 | D:4      | Slain by a water moccasin

Illustrated notes

Levels and vault maps discovered:
D:1:      heliophobic_arrival_enchanted_forest, layout_basic,
          serial_bayou_ford_a, minmay_tetromino_i4
D:2:      minmay_angry_zag, layout_basic, serial_glass, glass_columns_b,
          glass_columns_b, eino_curves_02
D:3:      layout_loops_ring, kennysheep_vampire_church
D:4:      layout_basic, grunt_ministairs_14, hex_medium, guppyfry_shop_venom

Skill      XL: |  1  2  3  4  5 |
---------------+----------------+-----
Fighting       | 1 2 |  2.5
Dodging        | 2 |  2.0
Stealth        | 1 2 |  2.8
Spellcasting   | 3 |  3.5
Transmutations | 3 |  3.4
Unarmed Combat | 4 |  4.1
Slings         | |  0.1

Action                   |  1- 3 |  4- 6 || total
-------------------------+-------+-------++-------
Melee: Unarmed           |    85 |    87 ||   172
       Kick              |    23 |    10 ||    33
       Headbutt          |    13 |     5 ||    18
       Bite              |    13 |    17 ||    30
       Punch             |     1 |     1 ||     2
 Fire: Hunting sling     |       |    10 ||    10
Throw: Stone             |    30 |     2 ||    32
 Cast: Beastly Appendage |    28 |    14 ||    42
       Wereblood         |       |     2 ||     2
  Use: Potion            |       |     1 ||     1
 Stab: Sleeping          |     2 |     5 ||     7
Armor: Robe              |    22 |     4 ||    26
       Skin              |       |    11 ||    11
Dodge: Dodged            |    28 |    39 ||    67
Block: Other             |     5 |    11 ||    16

Table legend: (Time is in decaauts)
 A = Elapsed time spent in this place.
 B = Non-inter-level travel time spent in this place.
 C = Inter-level travel time spent in this place.
 D = Time resting spent in this place.
 E = Time spent auto-exploring this place.
 F = Levels seen in this place.
 G = Mean time per level.
                   A        B        C        D        E       F      G
               +--------+--------+--------+--------+--------+-----+--------+
         Total |   3464 |   3390 |     74 |     30 |   2618 |   4 |  866.0 |
       Dungeon |   3464 |   3390 |     74 |     30 |   2618 |   4 |  866.0 |
               +--------+--------+--------+--------+--------+-----+--------+

Top non-repeatable levels by time:
     D:2: 1137 daAuts
     D:1: 1110 daAuts
     D:3: 835 daAuts
     D:4: 382 daAuts
